 Dungeon Crawl Stone Soup version 0.28-a0-1159-g27aa881441 (webtiles) character file.

Game seed: 4215933906233865051

10084 ChaosChampion the Martial Artist (level 11, -2/63 HPs)
             Began as an Octopode Transmuter on Dec 15, 2021.
             Was a Follower of Ru.
             Succumbed to Caerun's ghost's poison
             ... on level 6 of the Dungeon.
             The game lasted 00:29:48 (17591 turns).

ChaosChampion the Martial Artist (OpTm)            Turns: 17591, Time: 00:29:48

Health: -2/63      AC:  6    Str: 11    XL:     11   Next: 56%
Magic:  12/14      EV: 23    Int: 25    God:    Ru [*.....]
Gold:   856        SH:  0    Dex: 17    Spells: 8/14 levels left

rFire   . . .      SeeInvis .     - Unarmed
rCold   + . .      Faith    .   (shield currently unavailable)
rNeg    . . .      Spirit   .   (helmet currently unavailable)
rPois   x          Reflect  .   (no amulet)
rElec   .          Harm     .   g - ring of protection from cold
rCorr   .          Rampage  .   e - +4 ring of evasion
Will    .....                   o - +6 ring of intelligence
Stlth   ++........              B - +4 ring of protection
HPRegen 0.20/turn               (no ring)
MPRegen 0.14/turn               (no ring)
                                (no ring)
                                (no ring)

@: mighty, lethally poisoned (-2 -> -26), spider-form, wereblooded
A: venomous fangs, almost no armour, (amphibious), 8 rings, tiny, (camouflage
1), (gelatinous body 1), hated by all, (nimble swimmer 1), (tentacles)
a: End Transformation, Renounce Religion


You were on level 6 of the Dungeon.
You worshipped Ru.
Ru was aware of your devotion.
You were a venomous arachnid creature.
You visited 1 branch of the dungeon, and saw 10 of its levels.
You also visited: Ossuary.

You collected 1360 gold pieces.
You spent 504 gold pieces at shops.

Inventory:

Hand Weapons
 r - the +3 quarterstaff "Ecaamauk" (melded) {vorpal, Fly rF- Will+++ SInv}
   (You found it on level 6 of the Dungeon)

   It inflicts extra damage upon your enemies.
   rF:        It makes you vulnerable to fire.
   SInv:      It lets you see invisible.
   Fly:       It grants you flight.
   Will:      It greatly increases your willpower.
Missiles
 q - 2 boomerangs of dispersal
 s - a throwing net
Armour
 m - a +2 hat (melded)
Jewellery
 e - a +4 ring of evasion (right front leg)
 g - a ring of protection from cold (left front leg)
 o - a +6 ring of intelligence (on tentacle)
 B - a +4 ring of protection (on tentacle)
 F - a ring of fire
Wands
 h - a wand of charming (14)
 w - a wand of flame (23)
 x - a wand of iceblast (10)
 D - a wand of mindburst (13)
Scrolls
 b - a scroll of blinking
 f - 8 scrolls of teleportation
 l - a scroll of enchant weapon
 y - a scroll of magic mapping {unknown}
 A - a scroll of enchant armour {unknown}
Potions
 c - 2 potions of flight
 i - a potion of mutation
 j - 2 potions of haste
 n - 5 potions of lignification
 t - 2 potions of degeneration
 u - 2 potions of invisibility
 v - a potion of cancellation
 C - a potion of attraction
 E - a potion of magic


   Skills:
 - Level 1.0 Fighting
 - Level 2.0 Dodging
 * Level 14.0 Unarmed Combat
 - Level 2.0 Spellcasting
 + Level 11.2 Transmutations
 - Level 3.0 Poison Magic


You had 8 spell levels left.
You knew the following spells:

 Your Spells              Type           Power      Damage    Failure   Level
a - Beastly Appendage     Tmut           100%       N/A       1%          1
b - Wereblood             Tmut           56%        N/A       1%          2
c - Spider Form           Tmut/Pois      38%        N/A       8%          3

Your spell library contained the following spells:

 Spells                   Type           Power      Damage    Failure   Level
 Ice Form                 Ice/Tmut       30%        N/A       26%         4
 Static Discharge         Conj/Air       2%         N/A       36%         2
 Gell's Gravitas          Tloc           2%         N/A       54%         3
 Lesser Beckoning         Tloc           2%         N/A       54%         3
 Teleport Other           Tloc           2%         N/A       54%         3
 Lightning Bolt           Conj/Air       1%         1d12      99%         5
 Maxwell's Capacitive Co  Air            1%         ∞         100%        8


Dungeon Overview and Level Annotations

Branches:
Dungeon (10/15)            Temple (0/1) D:5            Lair (0/6) D:8
Ossuary (visited)
    Orc: D:9-12

Altars:
Cheibriados
Dithmenos
Elyvilon
Hepliaklqana
Makhleb
Nemelex Xobeh
Ru
Uskayaw
Wu Jian
Zin
The Shining One

Shops:
D:7 *


Innate Abilities, Weirdness & Mutations

You are a venomous arachnid creature.
You have poisonous fangs.
You are tiny and dextrous.
Your spellcasting is less reliable in this form.
Your armour is entirely melded.
You are incapable of wielding weapons or throwing items.
You cannot wear most types of armour.
((You are amphibious.))
You can wear up to eight rings at the same time.
((Your skin changes colour to match your surroundings (Stealth+).))
((Your rubbery body absorbs attacks. (AC +1, EV +1)))
You are hated by all.
((You are camouflaged near water. (Stealth+)))
((You have tentacles for arms and can constrict up to eight enemies at once.))


Message History

You hit Caerun's ghost but do no damage.
Caerun's ghost is almost destroyed.
* * * LOW HITPOINT WARNING * * *
You feel very sick.
You hit Caerun's ghost but do no damage.
Caerun's ghost is almost destroyed.
* * * LOW HITPOINT WARNING * * *
You feel sick.
Caerun's ghost hits you but does no damage.
You are lethally poisoned!
You hit Caerun's ghost but do no damage.
Caerun's ghost is almost destroyed.
* * * LOW HITPOINT WARNING * * *
You feel very sick. Caerun's ghost hits you.
* * * LOW HITPOINT WARNING * * *
You are more poisoned.
Okay, then.
You feel much better.
You feel extremely sick. Caerun's ghost misses you.
You hit Caerun's ghost.
You feel a bit better.
You destroy Caerun's ghost!
* * * LOW HITPOINT WARNING * * *
You feel extremely sick.
Your Unarmed Combat skill increases to level 14!
There is a lethal amount of poison in your body!
There is a lethal amount of poison in your body!
There is a lethal amount of poison in your body!
There is a lethal amount of poison in your body!
* * * LOW HITPOINT WARNING * * *
You feel extremely sick.
There is an open translucent gate here.
* * * LOW HITPOINT WARNING * * *
You feel very sick.
Okay, then.
Okay, then.
It was a potion of might.
You feel very mighty all of a sudden.
You die...

...# ...# ...# ####
######### ######
###...8.(.# .....#
###.#((.....# .....#
#...#....(..# .....#
#...#..(....# .....#
##..##(..s.(.# .....#
#..#####'''###
.....###..###.......#
....................#
.....#..#.##.....####
#.####..#.########
..# #..#.# .## #....#
.# ##...##


There were no monsters in sight!

Vanquished Creatures
  2 boulder beetles (D:9)
  A deep troll (D:9)
  The ghost of Caerun the Slicer, a novice GrBe of Trog (D:6)
  Pikel (D:8)
  A deep elf pyromancer (D:9)
  Psyche (D:8)
  3 komodo dragons (D:8)
  2 trolls (D:9)
  A slime creature (D:9)
  A hornet (D:9)
  Sigmund (D:5)
  A shadow (D:8)
  3 wyverns (D:9)
  A wraith (D:9)
  A yak (D:8)
  2 steam dragons
  Menkaure (D:5)
  4 orc warriors
  2 acid dragons (D:8)
  2 ogres
  2 ice beasts
  A sky beast (D:6)
  A necrophage (D:5)
  3 centaurs
  2 phantoms
  3 lemures (D:8)
  A kobold brigand (D:8)
  3 bullfrogs (D:9)
  3 gnoll sergeants
  3 scorpions
  A water moccasin zombie (D:5)
  A water moccasin skeleton (D:6)
  6 killer bees
  3 wights (D:8)
  A howler monkey (D:9)
  5 centaur zombies
  Crazy Yiuf (D:6)
  3 centaur skeletons (D:7)
  A hound (D:5)
  A jelly (D:6)
  2 orc priests (D:5)
  A bullfrog skeleton (D:6)
  5 iguanas
  5 orc wizards
  2 killer bee zombies
  8 mummies (Ossuary)
  10 gnolls
  A howler monkey zombie (D:8)
  6 adders
  A shadow imp (D:7)
  A white imp (D:8)
  4 worms
  3 dart slugs
  30 orcs
  6 endoplasms
  6 hobgoblins
  2 jackals (D:1)
  12 kobolds
  5 quokkas
  9 ball pythons
  8 bats
  A frilled lizard (D:2)
  3 gnoll zombies (Ossuary)
  7 goblins
  A hobgoblin zombie (Ossuary)
  3 kobold zombies (Ossuary)
  An orc zombie (Ossuary)
  5 rats
225 creatures vanquished.

Vanquished Creatures (others)
  5 plants
5 creatures vanquished.

Grand Total: 230 creatures vanquished

Notes
Turn   | Place    | Note
-------+----------+-------------------------------------------
     0 | D:1      | ChaosChampion the Octopode Transmuter began the quest for
                  | the Orb.
     0 | D:1      | Reached XP level 1. HP: 13/13 MP: 3/3
   359 | D:1      | Reached XP level 2. HP: 17/18 MP: 3/5
   383 | D:1      | Learned a level 2 spell: Wereblood
   386 | D:1      | Found a faded altar of an unknown god.
   665 | D:1      | Reached XP level 3. HP: 19/23 MP: 2/6
  1580 | D:2      | Reached skill level 4 in Unarmed Combat
  1718 | D:2      | Reached XP level 4. HP: 28/28 MP: 7/7
  1722 | D:2      | Learned a level 3 spell: Spider Form
  1958 | D:2      | Reached skill level 1 in Poison Magic
  2498 | D:3      | Noticed a phantom
  2519 | D:3      | Found a white marble altar of Elyvilon.
  2520 | D:3      | Killed a phantom
  2521 | D:3      | Reached XP level 5. HP: 8/33 MP: 3/8
  4058 | D:4      | Reached XP level 6. HP: 25/38 MP: 3/9
  4178 | D:4      | Found a shadowy altar of Dithmenos.
  4254 | D:4      | Found a glowing silver altar of Zin.
  4437 | D:4      | Reached skill level 5 in Unarmed Combat
  4578 | D:4      | Found a hide-covered altar of Uskayaw.
  4677 | D:5      | Entered Level 5 of the Dungeon
  4981 | D:5      | Identified a scroll of acquirement
  4981 | D:5      | Acquired 709 gold pieces
  5029 | D:5      | Noticed Menkaure
  5046 | D:5      | Killed Menkaure
  5047 | D:5      | Reached XP level 7. HP: 24/43 MP: 5/10
  5227 | D:5      | Reached skill level 6 in Unarmed Combat
  5227 | D:5      | Reached skill level 5 in Transmutations
  5441 | D:5      | Found a staircase to the Ecumenical Temple.
  5499 | D:5      | Noticed Sigmund
  5521 | D:5      | Killed Sigmund
  5832 | D:4      | Reached XP level 8. HP: 28/48 MP: 11/11
  6119 | D:5      | Reached skill level 7 in Unarmed Combat
  7030 | D:6      | Found a glowing golden altar of the Shining One.
  7451 | D:6      | Found a runed translucent gate.
  7451 | D:6      | Found a runed translucent gate.
  7451 | D:6      | Found a runed translucent gate.
  7453 | D:6      | Noticed Caerun's ghost (novice GrBe)
  7600 | D:6      | Identified the +3 quarterstaff "Ecaamauk" {vorpal, Fly rF-
                  | Will+++ SInv}
  7605 | D:6      | Found a sand-covered staircase.
  7613 | Ossuary  | Entered an ossuary
  7640 | Ossuary  | Reached skill level 8 in Unarmed Combat
  8152 | D:6      | Reached XP level 9. HP: 53/53 MP: 7/12
  8315 | D:6      | Found a sparkling altar of Nemelex Xobeh.
  8360 | D:6      | Found a burning altar of Makhleb.
  8591 | D:6      | Found a runed translucent door.
  8592 | D:6      | Noticed Crazy Yiuf
  8604 | D:6      | Killed Crazy Yiuf
  9478 | D:7      | Reached skill level 9 in Unarmed Combat
 10600 | D:7      | Found Louwyoc's General Store.
 10611 | D:7      | Bought a +4 ring of protection for 504 gold pieces
 10901 | D:7      | Reached skill level 10 in Unarmed Combat
 11310 | D:8      | Noticed Pikel
 11325 | D:8      | Killed Pikel
 11326 | D:8      | Reached XP level 10. HP: 47/58 MP: 9/13
 11520 | D:8      | Found a sacrificial altar of Ru.
 11590 | D:8      | Became a worshipper of Ru the Awakened
 11812 | D:8      | Identified the +0 pair of boots of Optimism {Dex+6}
 11900 | D:8      | Found a hazy altar of Hepliaklqana.
 11928 | D:8      | Reached skill level 11 in Unarmed Combat
 12126 | D:8      | Noticed Psyche
 12143 | D:8      | Killed Psyche
 13198 | D:8      | Found a staircase to the Lair.
 13326 | D:9      | Reached skill level 12 in Unarmed Combat
 13428 | D:9      | Reached skill level 10 in Transmutations
 13623 | D:9      | Found an ornate altar of the Wu Jian Council.
 13623 | D:9      | Noticed a deep elf pyromancer
 13955 | D:9      | Noticed a seven-headed hydra
 13956 | D:9      | Noticed a death drake
 14139 | D:9      | Killed a deep elf pyromancer
 14184 | D:9      | Found a snail-covered altar of Cheibriados.
 14291 | D:9      | Reached XP level 11. HP: 50/63 MP: 8/14
 14757 | D:9      | Reached skill level 13 in Unarmed Combat
 14837 | D:9      | Noticed a deep troll
 15628 | D:9      | Noticed a two-headed ogre
 15978 | D:9      | Noticed a boulder beetle
 15984 | D:9      | Noticed a boulder beetle
 16396 | D:9      | Killed a boulder beetle
 16402 | D:10     | Entered Level 10 of the Dungeon
 16668 | D:9      | Killed a deep troll
 16947 | D:9      | HP: 2/63 [boulder beetle (25)]
 16960 | D:9      | Killed a boulder beetle
 16962 | D:9      | Gained mutation: You are hated by all. [Ru sacrifice]
 16962 | D:9      | Reached * piety under Ru
 17586 | D:6      | HP: 2/63 [Caerun's ghost (6)]
 17588 | D:6      | Killed Caerun's ghost
 17589 | D:6      | Reached skill level 14 in Unarmed Combat
 17591 | D:6      | Succumbed to Caerun's ghost's poison

Illustrated notes

Levels and vault maps discovered:
D:1:      saegor_arrival_miasma, layout_basic, nicolae_ecumenical_snake_handling
D:2:      layout_loops_ring, minivault_23, minmay_circle_x
D:3:      layout_basic, mainiacjoe_overflow_boulevard, serial_co_window_serial,
          co_window_paths_a, co_window_corner_a, co_window_paths_a,
          co_window_corner_a, co_window_corner_a, co_window_corner_a,
          co_window_of_opportunity_a, co_window_corner_a, co_window_paths_a,
          co_window_2corner, co_window_corner_ca, co_window_2corner,
          co_window_unsneaky_path_a, co_window_corner_b, co_window_paths_d,
          glass_columns_b, serial_park_tiny_1, grunt_ministairs_12
D:4:      layout_rooms, zin_academy, kennysheep_mini,
          nicolae_dithmenos_the_darkroom
D:5:      layout_layer_cave, minmay_temple_entry_poolview, minivault_5,
          uniq_sigmund, uniq_menkaure
D:6:      layout_rooms, amethyst_overflow_temple_binary,
          mainiacjoe_overflow_tiny_flanked, enter_ossuary_5,
          ebering_ghost_rock_garden, minmay_misc_feat_cross,
          uniq_crazy_yiuf_cottage
D:7:      layout_rooms, serial_shops, shop
D:8:      layout_loops_corners, mainiacjoe_overflow_chevrons,
          nicolae_hepliaklqana_hazy_memory, erik_lair_dragon, uniq_pikel,
          uniq_psyche
D:9:      nzn_winding_woodlands_stair_cross [nzn_winding_woodlands_5x15_crooked,
          nzn_winding_woodlands_center_diamonds,
          nzn_winding_woodlands_5x15_pathside_ponds,
          nzn_winding_woodlands_5x5_perimeter, nzn_winding_woodlands_5x5_cross,
          nzn_winding_woodlands_5x15_split_checker,
          nzn_winding_woodlands_center_triple_pond,
          nzn_winding_woodlands_5x15_concentric], layout_basic,
          nicolae_qazlal_eye_of_the_storm, lemuel_crystal_altar,
          kennysheep_mini_moat, kennysheep_generic_room_10
D:10:     layout_gridville, serial_shops, nicolae_take_the_stairs,
          uniq_josephine

Skill      XL: |  1  2  3  4  5  6  7  8  9 10 11 |
---------------+----------------------------------+-----
Unarmed Combat | 4 5 6 8 10 12 14 | 14.0
Poison Magic   | 2 3 |  3.0
Transmutations | 3 4 5 7 9 10 11 | 11.2
Fighting       | |  1.0
Dodging        | |  2.0
Spellcasting   | |  2.0

Action                   |  1- 3 |  4- 6 |  7- 9 | 10-12 || total
-------------------------+-------+-------+-------+-------++-------
Melee: Unarmed           |    75 |   107 |   337 |   261 ||   780
       Constrict         |    23 |    11 |     4 |     1 ||    39
       Tentacles         |    11 |     4 |     5 |     2 ||    22
       Kick              |     7 |     9 |     1 |       ||    17
       Punch             |       |     3 |       |     1 ||     4
       Quarterstaff      |       |       |    11 |     8 ||    19
 Cast: Beastly Appendage |    16 |    11 |     2 |       ||    29
       Wereblood         |    13 |    18 |    42 |    34 ||   107
       Spider Form       |       |    10 |    49 |    37 ||    96
Invok: Sacrifice Love    |       |       |       |     1 ||     1
  Use: Scroll            |       |     9 |     6 |     9 ||    24
       Potion            |       |       |     1 |     7 ||     8
 Stab: Sleeping          |     4 |     2 |       |       ||     6
Armor: Skin              |     9 |     5 |    18 |    33 ||    65
Dodge: Dodged            |    59 |    69 |   402 |   261 ||   791

Table legend: (Time is in decaauts)
 A = Elapsed time spent in this place.
 B = Non-inter-level travel time spent in this place.
 C = Inter-level travel time spent in this place.
 D = Time resting spent in this place.
 E = Time spent auto-exploring this place.
 F = Levels seen in this place.
 G = Mean time per level.
                   A        B        C        D        E       F      G
               +--------+--------+--------+--------+--------+-----+--------+
         Total |  17474 |  17119 |    355 |   4649 |   8949 |  11 | 1588.5 |
       Dungeon |  17258 |  16903 |    355 |   4643 |   8899 |  10 | 1725.8 |
       Ossuary |    215 |    215 |      0 |      6 |     50 |   1 |  215.0 |
               +--------+--------+--------+--------+--------+-----+--------+

Top non-repeatable levels by time:
     D:8: 4187 daAuts
     D:6: 2601 daAuts
     D:5: 2372 daAuts
     D:3: 1686 daAuts
     D:9: 1560 daAuts
     D:1: 1296 daAuts
     D:7: 1211 daAuts
     D:4: 1094 daAuts
     D:2: 1002 daAuts
    D:10: 244 daAuts
 Ossuary: 215 daAuts
